[Event "Team 45 45 League T35"]
[Site "Internet Chess Club"]
[Date "2007.11.11"]
[Round "4"]
[White "Rubacchus"]
[Black "Vynaris"]
[Result "0-1"]
[WhiteElo "1350"]
[BlackElo "1496"]
[Opening "Robatsch (modern) defense"]
[ECO "A40"]
[Time "10:12:21"]
[TimeControl "2700+45"]

1. d4 g6 2. e4 Bg7 3. Ne2 d6 4. Nbc3 Nf6 5. Bf4 O-O 6. Qd2 e5 7. Bh6 Bxh6 8.
Qxh6 Ng4 9. Qd2 Nc6 10. f3 exd4 11. Nxd4 Nxd4 12. Qxd4 Qh4+ 13. g3 Qf6 14. Qxf6
Nxf6 15. O-O-O Be6 16. Kb1 a6 17. g4 b5 18. h4 b4 19. Nd5 Bxd5 20. exd5 Rfe8 21.
Bc4 Nd7 22. g5 Nb6 23. b3 Nxc4 24. bxc4 Re3 25. Rd3 Rxd3 26. cxd3 Re8 27. Kc2
Re3 28. Rh3 Re2+ 29. Kb3 a5 30. f4 Rf2 31. a3 bxa3 32. Kxa3 Rxf4 33. Ka4 Rf5 34.
Kxa5 c6 35. Kb6 cxd5 36. cxd5 Rxd5 37. Kc6 Rd4 38. Kd7 h6 39. Ke7 hxg5 40. hxg5
Rd5 41. Rf3 Rxg5 42. Rxf7 Rf5 43. Rf6 Rxf6 44. Kxf6 Kh7 45. Kg5 d5 46. d4 Kg7
47. Kf4 Kf6 48. Kg4 g5 49. Kf3 Kf5 50. Kg3 Ke4 51. Kg4 Kxd4 52. Kxg5 Ke3 53. Kf5
d4 54. Ke5 d3 55. Kd5 d2 56. Kc4 d1=Q {White resigns} 0-1

[Event "Team 45 45 League T35"]
[Site "Internet Chess Club"]
[Date "2007.11.11"]
[Round "4"]
[White "Kasparklunk"]
[Black "rshea11"]
[Result "1-0"]
[WhiteElo "1488"]
[BlackElo "1237"]
[Opening "QGD: 3...Nf6"]
[ECO "D35"]
[Time "19:57:46"]
[TimeControl "2700+45"]

1. d4 d5 2. c4 e6 3. Nc3 Nf6 4. e3 Bb4 5. Bd2 Nbd7 6. Nf3 O-O 7. a3 Bxc3 8. Bxc3
b6 9. h3 Bb7 10. b4 c5 11. dxc5 bxc5 12. b5 Nb6 13. cxd5 exd5 14. Bb2 a6 15.
bxa6 Bxa6 16. Bxa6 Rxa6 17. O-O Nc4 18. Bxf6 Rxf6 19. Nd2 Rd6 20. Nxc4 dxc4 21.
Qc2 Qh4 22. Rfc1 Rfd8 23. Qxc4 Rd2 24. Qxh4 h6 25. a4 Re2 26. Qxd8+ Kh7 27. Qd3+
g6 28. Qxe2 {Black resigns} 1-0

[Event "Team 45 45 League T35"]
[Site "Internet Chess Club"]
[Date "2007.11.14"]
[Round "4"]
[White "ADIOKiddo4Ever"]
[Black "fuzzface"]
[Result "1-0"]
[WhiteElo "1448"]
[BlackElo "1304"]
[Opening "Vienna game"]
[ECO "C25"]
[Time "23:13:56"]
[TimeControl "2700+45"]

1. e4 e5 2. Nc3 Bc5 3. g3 Qf6 4. Nf3 d6 5. Na4 Bg4 6. Bg2 Nd7 7. Nxc5 Nxc5 8. h3
Bh5 9. d3 h6 10. O-O Ne7 11. g4 Bg6 12. Be3 Qe6 13. Nd2 h5 14. f4 exf4 15. Bxf4
hxg4 16. Qxg4 Qxg4 17. hxg4 O-O-O 18. e5 Ne6 19. exd6 Nxf4 20. dxe7 Rde8 21.
Rxf4 Rxe7 22. Ne4 Rh4 23. Re1 Kd7 24. Nc5+ Ke8 25. Rxe7+ Kxe7 26. Nxb7 f5 27.
Kf2 fxg4 28. Kg3 Rh7 29. Rxg4 Bf5 30. Ra4 g6 31. Rxa7 Kf6 32. Nc5 Kg5 33. Ne4+
Kh6 34. Nf6 Rf7 35. Nd5 Rd7 36. Rxc7 Rd6 {Black resigns} 1-0

[Event "Team 45 45 League T35"]
[Site "Internet Chess Club"]
[Date "2007.11.08"]
[Round "4"]
[White "jschneigi"]
[Black "johnpawn"]
[Result "1/2-1/2"]
[WhiteElo "1296"]
[BlackElo "1297"]
[Opening "Caro-Kann: advance variation"]
[ECO "B12"]
[Time "23:01:37"]
[TimeControl "2700+45"]

1. e4 c6 2. d4 d5 3. e5 Bf5 4. Nf3 Nd7 5. Bd3 Bxd3 6. Qxd3 e6 7. O-O c5 8. dxc5
Bxc5 9. c4 Ne7 10. cxd5 Nxd5 11. Nc3 Nxc3 12. Qxc3 Rc8 13. Be3 O-O 14. Rad1 Qc7
15. Bxc5 Nxc5 16. Rc1 Rfd8 17. h3 Na6 18. Qe3 Qb8 19. a3 Nc7 20. Ng5 Nd5 21. Qe4
g6 22. Qh4 h5 23. f4 Ne3 24. Rfe1 Rxc1 25. Rxc1 Rd1+ 26. Rxd1 Nxd1 {Game drawn
by mutual agreement} 1/2-1/2

[Event "Team 45 45 League T35"]
[Site "Internet Chess Club"]
[Date "2007.11.08"]
[Round "4"]
[White "reverendjim"]
[Black "ffplayer"]
[Result "1-0"]
[WhiteElo "1207"]
[BlackElo "1101"]
[Opening "Ruy Lopez: Taimanov (chase/wing/accelerated counterthrust) variation"]
[ECO "C70"]
[Time "23:01:50"]
[TimeControl "2700+45"]

1. e4 e5 2. Nf3 Nc6 3. Bb5 a6 4. Ba4 b5 5. Bb3 Na5 6. O-O Nxb3 7. axb3 d6 8. d4
Bg4 9. d5 Nf6 10. Qd3 Be7 11. c4 O-O 12. h3 bxc4 13. bxc4 Bh5 14. b4 Bg6 15. Nc3
Qd7 16. Nh4 Nh5 17. Nxg6 fxg6 18. Ne2 Nf4 19. Nxf4 exf4 20. f3 Bf6 21. Ra2 Be5
22. Bb2 Bxb2 23. Rxb2 a5 24. b5 a4 25. Ra2 Ra7 26. Qd2 g5 27. Rb1 Rb8 28. Qb4 h5
29. Rxa4 Rab7 30. Ra5 g4 31. h4 Qe7 32. Qe1 gxf3 33. gxf3 Qf6 34. Kh2 Re8 35.
Rd1 Rbb8 36. Ra7 Rbc8 37. Ra2 Re5 38. Rc2 Qd8 39. c5 dxc5 40. Rxc5 g5 41. Qc3
Qe7 42. b6 g4 43. b7 Qxh4+ 44. Kg1 Qg3+ 45. Kf1 Rb8 46. Rxc7 Qxf3+ 47. Qxf3 gxf3
48. Rc8+ Re8 49. Rxe8+ Rxe8 50. Rc1 Kf7 51. Rc8 Rxe4 52. Rc7+ Kf6 53. b8=Q h4
54. Qf8+ Ke5 55. Re7+ Kxd5 56. Rxe4 Kxe4 57. Qh6 Ke3 58. Qxh4 f2 59. Qxf2+ Ke4
60. Ke2 Kf5 61. Qf3 Kg5 62. Kd3 Kf5 63. Kd4 Kg5 64. Ke5 {Black resigns} 1-0

[Event "Team 45 45 League T35"]
[Site "Internet Chess Club"]
[Date "2007.11.09"]
[Round "4"]
[White "DayDream01"]
[Black "cobbler"]
[Result "0-1"]
[WhiteElo "1069"]
[BlackElo "1210"]
[Opening "King's Indian, 3.Nf3"]
[ECO "E61"]
[Time "16:01:09"]
[TimeControl "2700+45"]

1. d4 Nf6 2. c4 g6 3. Nf3 Bg7 4. Nc3 O-O 5. e3 d6 6. Bd3 Nbd7 7. O-O c5 8. d5
Qc7 9. Re1 Ne5 10. e4 Bg4 11. Be2 Bxf3 12. Bxf3 Nxc4 13. Qb3 Ne5 14. Be2 c4 15.
Nb5 cxb3 16. Nxc7 Rac8 17. Nb5 Nxe4 18. axb3 a6 19. Nc3 Nxc3 20. bxc3 Rxc3 21.
Ra3 Rfc8 22. Bd2 R3c5 23. f4 Nd7 24. Bc4 Bd4+ 25. Kh1 Bf6 26. Bb4 R5c7 27. Ba5
b6 28. Bxa6 Ra8 29. Bb4 Bc3 30. Rea1 Bxb4 31. Ra4 Bc5 32. Bb5 Ra5 33. Bc6 Nb8
34. Rxa5 bxa5 35. Rxa5 Nxc6 36. Ra8+ Kg7 37. dxc6 Rxc6 38. Re8 Be3 39. g3 Rc1+
40. Kg2 Rg1+ 41. Kf3 Bc5 42. Rxe7 d5 43. Rc7 Bd6 44. Rd7 Bb4 45. Rxd5 Rb1 46. h4
h5 47. Rg5 Rxb3+ 48. Ke4 Be7 49. Rg4 Rb4+ 50. Ke5 f5 51. Rg5 Bxg5 52. fxg5 Re4+
53. Kd5 Kf7 {White resigns} 0-1

[Event "Team 45 45 League T35"]
[Site "Internet Chess Club"]
[Date "2007.11.09"]
[Round "4"]
[White "Traho"]
[Black "Mutaant"]
[Result "0-1"]
[WhiteElo "1379"]
[BlackElo "1455"]
[Opening "Ruy Lopez: classical defense, 4.c3"]
[ECO "C64"]
[Time "17:00:27"]
[TimeControl "2700+45"]

1. e4 e5 2. Nf3 Nc6 3. Bb5 Bc5 4. c3 Qf6 5. O-O Nge7 6. d3 h6 7. Qe1 O-O 8. b4
Bb6 9. Be3 d6 10. a3 Bg4 11. Nfd2 Qg6 12. Kh1 f5 13. Bxb6 axb6 14. f3 Bh5 15.
Bc4+ Kh8 16. Bb3 Qf6 17. Bd1 f4 18. b5 Nd8 19. c4 Ne6 20. Nb3 Nc5 21. Nxc5 bxc5
22. Nc3 b6 23. a4 Ra5 24. Nd5 Nxd5 25. exd5 Bg6 26. Bc2 Bf5 27. Rf2 g5 28. g4
fxg3 29. hxg3 Qg6 30. Rd1 Kg7 31. g4 Bd7 32. d4 Qf6 33. dxe5 Qxe5 34. Qxe5+ dxe5
35. Re1 Rf4 36. Rxe5 Bxg4 37. Re7+ Kf8 38. Rxc7 Bxf3+ 39. Kh2 g4 40. Kg3 Rxc4
41. d6 Rd4 42. d7 Ke7 43. Bf5 Raxa4 44. Rh2 Rd6 45. Rh5 Ra3 46. Kh4 g3 47. Rc8
Bxh5 48. Kxh5 Rb3 49. Re8+ Kf6 50. Rf8+ Ke5 51. d8=Q Rxd8 52. Rxd8 Kxf5 53. Rb8
Rxb5 54. Kh4 g2 55. Kg3 g1=Q+ 56. Kf3 Rb3+ 57. Ke2 Qg2+ {White resigns} 0-1

[Event "Team 45 45 League T35"]
[Site "Internet Chess Club"]
[Date "2007.11.10"]
[Round "4"]
[White "thalamus"]
[Black "Conjurer"]
[Result "1-0"]
[WhiteElo "1447"]
[BlackElo "1307"]
[Opening "Sicilian: Smith-Morra gambit"]
[ECO "B21"]
[Time "13:17:23"]
[TimeControl "2700+45"]

1. e4 c5 2. d4 cxd4 3. c3 dxc3 4. Nxc3 Nc6 5. Nf3 g6 6. Bc4 e6 7. O-O Bg7 8. Qe2
Nf6 9. Rd1 O-O 10. Bf4 a6 11. a3 b5 12. Ba2 Bb7 13. Rac1 Rc8 14. Bg5 Qc7 15. Qd2
Rcd8 16. Bf4 e5 17. Nd5 Nxd5 18. exd5 exf4 19. dxc6 dxc6 20. Qc2 h6 21. Re1 g5
22. b4 Qd6 23. Bb1 Qg6 24. Qc5 f5 25. Ba2+ Kh8 26. Re7 Bc8 27. Ne5 Bxe5 28.
Qxe5+ Qf6 29. Qc7 Qg6 30. Bf7 Qd6 31. h3 Qxc7 32. Rxc7 Bd7 33. Ba2 Rc8 34. Rxd7
Rf6 35. Re1 h5 36. Ree7 Rh6 37. Be6 Rf8 38. Rc7 Rd8 39. Rxc6 g4 40. Kh2 g3+ 41.
fxg3 fxg3+ 42. Kxg3 Rg6+ 43. Kf4 Rd4+ 44. Kxf5 Rg7 45. Rc8+ Kh7 46. Rxg7+ Kxg7
47. Rc7+ Kh6 48. Rc6 Rd2 49. Rxa6 Rf2+ 50. Ke5 Re2+ 51. Kd6 Rxg2 52. Kc5 Rg5+
53. Kd4 Kg7 54. Bd7 Kf8 55. Rb6 Rg3 56. Ra6 Ke7 57. Bxb5 h4 58. Bf1 Rg5 59. Rh6
Kd7 60. Rxh4 Rg3 61. a4 Ra3 62. Kd5 Rxa4 63. Bb5+ Kc7 64. Bxa4 Kb6 65. Rh6+ Kc7
66. Rd6 Kb7 67. Rc6 Kb8 68. Kd6 Kb7 69. b5 Kb8 70. Rc7 Ka8 71. Rh7 Kb8 72. Kc6
Ka8 73. Kb6 Kb8 74. Rh8# {Black checkmated} 1-0

[Event "Team 45 45 League T35"]
[Site "Internet Chess Club"]
[Date "2007.11.14"]
[Round "4"]
[White "guyd52"]
[Black "moreffee"]
[Result "1-0"]
[WhiteElo "1219"]
[BlackElo "1323"]
[Opening "Réti: King's Indian attack (Barcza system)"]
[ECO "A07"]
[Time "18:06:40"]
[TimeControl "2700+45"]

1. g3 d5 2. Nf3 Nf6 3. Bg2 g6 4. O-O Bg7 5. d3 O-O 6. c3 c5 7. Nbd2 Nc6 8. h3 e5
9. b3 e4 10. dxe4 dxe4 11. Ng5 e3 12. fxe3 Nd5 13. Bxd5 Qxd5 14. Nde4 Qxd1 15.
Rxd1 Bxc3 16. Nxc3 Bf5 17. e4 Bc8 18. Bf4 h6 19. Nf3 Bxh3 20. Bd6 Rfe8 21. Bxc5
b6 22. Kh2 Bg4 23. Bd4 Rac8 24. Bf6 Nb4 25. Nd5 Nxd5 26. Rxd5 Rxe4 27. Rd2 Rce8
28. Ne5 Bxe2 29. Re1 Bf3 30. Rxe4 Bxe4 31. Rd7 g5 32. Rxf7 Rxe5 33. Rg7+ Kf8 34.
Rxa7 Rf5 35. Bg7+ Kg8 36. Bxh6 g4 37. Rg7+ Kh8 38. Rxg4 Rh5+ 39. Rh4 Rxh4+ 40.
gxh4 Bb1 41. a3 Bc2 42. b4 b5 43. Kg3 Kh7 44. Bg5 Kg6 45. Kf4 Bd3 46. Ke5 Bc4
47. Kd4 Kh5 48. Kc5 Be2 49. Kb6 Kg6 50. Ka5 Kf5 51. a4 bxa4 52. Kxa4 Ke6 53. b5
Kd7 54. b6 Kc8 55. Ka5 Kb7 56. Bd8 Bh5 57. Bc7 Bf3 58. Kb5 Bc6+ 59. Kc5 Be8 60.
Kd6 Bh5 61. Ke5 Kc6 62. Kf4 Kb7 63. Kg5 Be2 64. h5 Bd3 65. h6 Be4 66. Kf6 Kc8
67. Kg7 Kd7 68. h7 Bxh7 69. Kxh7 Kc8 70. Kg7 Kb7 71. Kf7 Kc8 72. Ke7 Kb7 73. Kd6
Kc8 74. Kc5 Kb7 75. Kb5 Ka8 76. Kc5 Kb7 77. Kd6 Kc8 78. Ke7 Kb7 79. Kd8 Ka8 80.
Bd6 Kb7 81. Bc5 Ka8 82. Kd7 Kb7 83. Bd4 Ka8 84. Kc6 Kb8 85. Bc5 Ka8 86. b7+ Kb8
87. Bd6+ Ka7 88. b8=Q+ {Black resigns} 1-0

[Event "Team 45 45 League T35"]
[Site "Internet Chess Club"]
[Date "2007.11.08"]
[Round "4"]
[White "NineteenHockey"]
[Black "wekabird"]
[Result "0-1"]
[WhiteElo "1036"]
[BlackElo "1205"]
[Opening "Caro-Kann: exchange variation"]
[ECO "B13"]
[Time "18:12:58"]
[TimeControl "2700+45"]

1. e4 c6 2. d4 d5 3. exd5 cxd5 4. Nf3 e6 5. Be2 Nf6 6. Nc3 a6 7. O-O Be7 8. Re1
O-O 9. Be3 Nbd7 10. Ne5 Nxe5 11. dxe5 Nd7 12. Bd4 b5 13. b3 Qc7 14. Rb1 Nxe5 15.
Bxe5 Qxe5 16. Qd3 Bb4 17. Bf3 Qxc3 18. Qd1 Qc7 19. Re2 Bd6 20. g3 Bb7 21. Bg2
Rfe8 22. Re1 h6 23. Qd2 Rac8 24. Re2 a5 25. a4 b4 26. Rc1 Ba6 27. Ree1 Be5 28.
Rb1 Bc3 29. Qc1 Bxe1 30. Qxe1 Qxc2 {White resigns} 0-1

[Event "Team 45 45 League T35"]
[Site "Internet Chess Club"]
[Date "2007.11.11"]
[Round "4"]
[White "Duguesclin"]
[Black "Chess2Play"]
[Result "1-0"]
[WhiteElo "1675"]
[BlackElo "1652"]
[Opening "QGD"]
[ECO "D30"]
[Time "08:50:58"]
[TimeControl "2700+45"]

1. d4 d5 2. c4 e6 3. Nf3 Nf6 4. Bg5 Be7 5. Nc3 O-O 6. c5 c6 7. Bf4 Nbd7 8. h3
Qa5 9. Qd2 b6 10. Bc7 Ne8 11. Ne5 Nxe5 12. Bxe5 bxc5 13. dxc5 Bxc5 14. e3 Ba6
15. Bxa6 Qxa6 16. Qe2 Qxe2+ 17. Nxe2 Bb4+ 18. Nc3 c5 19. O-O f6 20. Bh2 Bxc3 21.
bxc3 e5 22. Rab1 Nd6 23. f3 Nc4 24. Rfe1 Rab8 25. f4 e4 26. Rb3 f5 27. Kf2 a5
28. Rd1 Rfd8 29. g4 g6 30. gxf5 gxf5 31. Bg1 Kf7 32. Rxb8 Rxb8 33. Rxd5 Rb2+ 34.
Kg3 Rxa2 35. Rxf5+ Kg6 36. Rxc5 Nd2 37. f5+ Kf6 38. Kf4 a4 39. Rc6+ Kf7 40. Bf2
a3 41. Ra6 Nc4 42. Bh4 Rc2 43. Kxe4 a2 44. Kd3 Nxe3 45. Ra7+ Kf8 46. Kxe3 Rxc3+
47. Kf4 Rc4+ 48. Kg5 h6+ 49. Kh5 Rc2 50. Kxh6 Rh2 51. Kg6 Rxh3 52. Ra8# {Black
checkmated} 1-0

[Event "Team 45 45 League T35"]
[Site "Internet Chess Club"]
[Date "2007.11.09"]
[Round "4"]
[White "rom1"]
[Black "RD1974"]
[Result "1/2-1/2"]
[WhiteElo "1580"]
[BlackElo "1630"]
[Opening "QGD: exchange, positional line"]
[ECO "D35"]
[Time "11:07:58"]
[TimeControl "2700+45"]

1. d4 Nf6 2. c4 e6 3. Nc3 d5 4. cxd5 exd5 5. Bg5 Be6 6. Qc2 Be7 7. e3 h6 8. Bh4
O-O 9. Bd3 Nbd7 10. Nge2 b6 11. O-O c5 12. b3 c4 13. bxc4 dxc4 14. Bf5 Bxf5 15.
Qxf5 a6 16. a4 Rb8 17. Rab1 Re8 18. Bg3 Rb7 19. Nf4 Nf8 20. Nfd5 Nxd5 21. Nxd5
Bd6 22. Bh4 Qd7 23. Qf3 Ng6 24. Bg3 Bxg3 25. hxg3 Reb8 26. Nc3 b5 27. axb5 axb5
28. Rb4 Ne7 29. Rfb1 Nc6 30. Rxb5 Rxb5 31. Rxb5 Rxb5 32. Nxb5 Ne5 33. Qa8+ Kh7
34. Qe4+ Ng6 35. Nc3 Qa7 36. Qc2 Qa1+ 37. Kh2 Qf1 38. Ne4 Kg8 39. Nd6 Ne7 40.
Nxc4 Nd5 41. Ne5 Qa6 42. Qc5 Qe6 43. Qc6 Qf5 44. Qxd5 Qh5+ 45. Kg1 Qd1+ 46. Kh2
{Game drawn by mutual agreement} 1/2-1/2

[Event "Team 45 45 League T35"]
[Site "Internet Chess Club"]
[Date "2007.11.09"]
[Round "4"]
[White "clarinetref"]
[Black "Toalla"]
[Result "1-0"]
[WhiteElo "1662"]
[BlackElo "1281"]
[Opening "Réti opening"]
[ECO "A04"]
[Time "11:07:23"]
[TimeControl "2700+45"]

1. Nf3 g6 2. g3 c6 3. Bg2 Bg7 4. d3 Nf6 5. Nbd2 O-O 6. O-O d6 7. e4 e5 8. Re1
Re8 9. Rb1 Bg4 10. h3 Bxf3 11. Nxf3 Qa5 12. a3 Nbd7 13. Bd2 Qc7 14. c3 c5 15. b4
Rab8 16. Be3 b6 17. Qd2 Kh8 18. Ng5 Nf8 19. h4 h6 20. Nh3 Ng4 21. Rbc1 Nxe3 22.
Qxe3 Ne6 23. f4 f6 24. f5 Nf8 25. fxg6 Nxg6 26. Rf1 Re6 27. Bf3 Qf7 28. Bg4 Rb7
29. Bxe6 Qxe6 30. Kh2 Rf7 31. Rf5 Kg8 32. d4 Qe7 33. Nf2 Bf8 34. Ng4 Bg7 35.
Nxh6+ Bxh6 36. Qxh6 Nh8 37. Rcf1 Rh7 38. Qe3 Rf7 39. Qf3 Kf8 40. Qh5 Kg7 41.
Qg4+ Kf8 42. h5 Ke8 43. Qh4 exd4 44. cxd4 cxd4 45. Rd1 a5 46. Rxd4 b5 47. Rxb5
Qa7 48. Rbd5 axb4 49. axb4 Qa1 50. Qg4 f5 51. exf5 Qb2+ 52. Rd2 Qe5 53. Rxe5+
{Black resigns} 1-0

[Event "Team 45 45 League T35"]
[Site "Internet Chess Club"]
[Date "2007.11.10"]
[Round "4"]
[White "bajerk"]
[Black "Aquaman"]
[Result "0-1"]
[WhiteElo "1279"]
[BlackElo "1422"]
[Opening "French defense"]
[ECO "C00"]
[Time "14:32:51"]
[TimeControl "2700+45"]

1. e4 e6 2. Nf3 d5 3. exd5 exd5 4. d4 Nf6 5. Bg5 Be7 6. Nc3 c6 7. h3 O-O 8. g4
Nbd7 9. Bd3 Re8 10. Ne2 c5 11. b3 cxd4 12. Nfxd4 Ne5 13. Bb5 Bd7 14. Bxd7 Qxd7
15. f4 Nc6 16. Qd3 Nxd4 17. Qxd4 Ne4 18. Bxe7 Rxe7 19. O-O-O Rd8 20. Qxa7 Qc6
21. Qd4 Qa6 22. Nc3 Nxc3 23. Qxc3 Qxa2 24. Rd4 Qa3+ 25. Kd2 Qa6 26. Re1 Rxe1 27.
Kxe1 Re8+ 28. Kf2 Qe2+ 29. Kg1 Qe6 30. Qd2 Qh6 31. Kg2 Qc6 32. Kg3 Qb6 33. Rxd5
Qg1+ 34. Qg2 Qe1+ 35. Qf2 Qc3+ 36. Rd3 Qc7 37. Kf3 Qc6+ 38. Kg3 h6 39. Qf3 Qa6
40. Rd7 b5 41. Qb7 Qe6 42. Rd3 Qe1+ 43. Kf3 Qh1+ {White resigns} 0-1

[Event "Team 45 45 League T35"]
[Site "Internet Chess Club"]
[Date "2007.11.11"]
[Round "4"]
[White "jazzyrick"]
[Black "GrandPoobah069"]
[Result "0-1"]
[WhiteElo "1601"]
[BlackElo "1783"]
[Opening "Sicilian: Najdorf, Byrne (English) attack"]
[ECO "B90"]
[Time "18:00:10"]
[TimeControl "2700+45"]

1. e4 c5 2. Nf3 d6 3. d4 cxd4 4. Nxd4 Nf6 5. Nc3 a6 6. Be3 e5 7. Nb3 Be6 8. f3
Be7 9. Qd2 O-O 10. O-O-O Qc7 11. g4 Nbd7 12. Nd5 Bxd5 13. exd5 Rac8 14. g5 Nxd5
15. c3 b5 16. Kb1 Nxe3 17. Qxe3 Nc5 18. Bh3 Rcd8 19. Nd2 Rfe8 20. Rhe1 a5 21. a3
Ra8 22. b4 axb4 23. cxb4 Na4 24. Rc1 Qb7 25. Bf5 Qa6 26. Be4 Rac8 27. Nb3 Rxc1+
28. Rxc1 Bd8 29. Rc6 Bb6 30. Qc1 Rd8 31. Na5 Qa7 32. Nb7 Qxb7 33. Rxd6 Qe7 34.
Rxd8+ Qxd8 35. Qc6 Qd1+ 36. Ka2 Qd2+ 37. Bc2 Qd8 38. Qxb5 Nc3+ {White resigns}
0-1

[Event "Team 45 45 League T35"]
[Site "Internet Chess Club"]
[Date "2007.11.10"]
[Round "4"]
[White "TIP"]
[Black "Ziah"]
[Result "0-1"]
[WhiteElo "1617"]
[BlackElo "1679"]
[Opening "Sicilian: Taimanov variation"]
[ECO "B46"]
[Time "18:18:18"]
[TimeControl "2700+45"]

1. e4 c5 2. Nf3 e6 3. d4 cxd4 4. Nxd4 Nc6 5. Nc3 a6 6. Nxc6 bxc6 7. Bd3 d5 8.
O-O Nf6 9. Bg5 Be7 10. e5 Nd7 11. f4 Bxg5 12. fxg5 Qxg5 13. Qf3 Nxe5 14. Qf2 O-O
15. h4 Nxd3 16. cxd3 Qe7 17. h5 h6 18. Ne2 Rb8 19. Nf4 Qf6 20. b3 e5 21. Qa7 Qd6
22. Ne2 Rb5 23. Rac1 Bb7 24. Qf2 Qc7 25. Nc3 Ra5 26. a4 d4 27. b4 dxc3 28. bxa5
Qxa5 29. Qc2 f6 30. Qb3+ Kh8 31. Qxb7 Qxa4 32. Rxc3 Qd4+ 33. Kh1 Qxc3 34. Qxa6
Rd8 35. Rf3 Qc5 36. Qa1 Qb5 37. Qa3 Qb1+ 38. Kh2 e4 39. dxe4 Qxe4 40. Kh3 Rd5
41. Qf8+ Kh7 42. Qf7 Rg5 43. Rg3 Qf5+ 44. Kh2 Rxh5+ 45. Kg1 Rg5 46. Kh2 Qf4 47.
Qb3 Qxg3+ 48. Qxg3 Rxg3 49. Kxg3 Kg6 50. Kf4 Kh5 51. Kf5 c5 52. Ke4 Kg4 53. Kd5
Kg3 54. Kxc5 Kxg2 55. Kd5 g5 56. Ke4 h5 57. Kf5 h4 58. Kxf6 g4 59. Kf5 g3 60.
Kg4 h3 61. Kf4 h2 62. Kg4 h1=Q 63. Kg5 Kh2 64. Kg4 g2 65. Kf4 g1=Q 66. Kf5 Qf1+
67. Ke5 Qe1+ 68. Kf5 Qhf1+ 69. Kg4 Qg3+ 70. Kh5 Qfh3# {White checkmated} 0-1

[Event "Team 45 45 League T35"]
[Site "Internet Chess Club"]
[Date "2007.11.13"]
[Round "4"]
[White "jacknor"]
[Black "RingLord"]
[Result "1-0"]
[WhiteElo "1655"]
[BlackElo "1521"]
[Opening "Pirc: Austrian attack"]
[ECO "B09"]
[Time "20:50:50"]
[TimeControl "2700+45"]

1. e4 d6 2. d4 Nf6 3. Nc3 g6 4. f4 Bg7 5. Be3 O-O 6. h3 b6 7. Qd2 Bb7 8. Bd3 Re8
9. O-O-O Na6 10. Nf3 Nb4 11. Kb1 c5 12. g4 Nd7 13. g5 a5 14. h4 f5 15. h5 Nxd3
16. cxd3 cxd4 17. Bxd4 e5 18. Be3 Rc8 19. hxg6 hxg6 20. Nh4 Rxc3 21. bxc3 Nf8
22. Rh2 fxe4 23. d4 exf4 24. Bxf4 d5 25. Ng2 Ba6 26. Ne1 Qd7 27. Be3 b5 28. Qb2
b4 29. cxb4 axb4 30. Rc2 Qa4 31. Qb3 Qd7 32. Rdc1 Bc4 33. Rxc4 dxc4 34. Rxc4 Qe6
35. Rxb4 Qxb3+ 36. Rxb3 Ne6 37. Nc2 Rd8 38. Rb6 Kf7 39. Rb7+ Kf8 40. Rb4 Rd7 41.
a4 Nd8 42. a5 Nc6 43. Ra4 Ke8 44. a6 Kd8 45. Ka2 Kc8 46. Kb3 Bf8 47. Kc4 Na7 48.
Nb4 Kb8 49. d5 Rc7+ 50. Kb3 Bd6 51. Bxa7+ Kxa7 52. Nc6+ Ka8 53. Rxe4 Rc8 54. Re6
Bc5 55. Rxg6 Rf8 56. Rf6 Re8 57. g6 Bf8 58. Rf7 Bc5 59. g7 Re3+ 60. Kc4 Re4+ 61.
Kd3 Re3+ 62. Kd2 Re8 63. Ne7 {Black resigns} 1-0

[Event "Team 45 45 League T35"]
[Site "Internet Chess Club"]
[Date "2007.11.09"]
[Round "4"]
[White "okun"]
[Black "quotha"]
[Result "0-1"]
[WhiteElo "1461"]
[BlackElo "1598"]
[Opening "Réti: King's Indian attack (Barcza system)"]
[ECO "A07"]
[Time "15:00:12"]
[TimeControl "2700+45"]

1. Nf3 d5 2. g3 Nf6 3. Bg2 Nc6 4. O-O e5 5. d3 Be7 6. e4 d4 7. c3 O-O 8. cxd4
exd4 9. b3 Bg4 10. Nbd2 Nd7 11. Bb2 Nde5 12. Qc2 Nb4 13. Qb1 Nexd3 14. Bxd4 c5
15. Bc3 Nc6 16. Rd1 Ndb4 17. a3 Na6 18. Qb2 f6 19. Nc4 Qc7 20. e5 fxe5 21. Ncxe5
Nxe5 22. Bxe5 Bf6 23. Bxf6 Rxf6 24. Rd5 Bxf3 25. Bxf3 Rxf3 26. Rad1 Rf7 27. Qe2
Raf8 28. Qc4 Kh8 29. f4 Qc8 30. Rh5 b6 31. Qd3 h6 32. Qc3 Kg8 33. Qc4 Qg4 34.
Rhd5 Nc7 35. Rd7 Qe6 36. Rxf7 Qxf7 37. Rd7 Qxc4 38. bxc4 Rf7 39. Rd8+ Kh7 40.
Kf2 Ne6 41. Ra8 g5 42. Ke3 gxf4+ 43. gxf4 Nxf4 44. Ke4 Ne6 45. Ke5 Nd4 46. Rd8
Kg6 47. Rd6+ Kh5 48. a4 Kg5 49. h3 Re7+ 50. Re6 Rxe6+ 51. Kd5 Re3 52. h4+ Kxh4
53. a5 Kg3 54. axb6 axb6 55. Kd6 h5 56. Kc7 Rb3 {White resigns} 0-1

[Event "Team 45 45 League T35"]
[Site "Internet Chess Club"]
[Date "2007.11.08"]
[Round "4"]
[White "Kingofknights"]
[Black "Avedldesierto"]
[Result "0-1"]
[WhiteElo "1703"]
[BlackElo "1795"]
[Opening "QGA, Bogolyubov variation"]
[ECO "D24"]
[Time "18:20:06"]
[TimeControl "2700+45"]

1. d4 d5 2. c4 dxc4 3. Nf3 Nf6 4. Nc3 a6 5. e4 Bg4 6. e5 Nd5 7. h3 Nxc3 8. bxc3
Be6 9. Ng5 Bd5 10. Qg4 h6 11. Ne4 Qd7 12. Qf3 c5 13. Nxc5 Qc6 14. Qg4 h5 15. Qf4
b6 16. Nxa6 Nxa6 17. f3 e6 18. Be2 b5 19. a3 Nb8 20. Bb2 Nd7 21. O-O Nb6 22. Bd1
Be7 23. Rf2 g6 24. Bc2 Qc7 25. Qe3 Bc6 26. Be4 Nd5 27. Bxd5 Bxd5 28. Qd2 Bf8 29.
Kf1 Bh6 30. Qc2 Ra4 31. Qe2 Bf4 32. Qc2 Bg3 33. Re2 Qb7 34. Bc1 O-O 35. Qd2 h4
36. Qg5 Bxf3 37. Rea2 Bxg2+ 38. Rxg2 Qf3+ 39. Kg1 Qd1# {White checkmated} 0-1

[Event "Team 45 45 League T35"]
[Site "Internet Chess Club"]
[Date "2007.11.10"]
[Round "4"]
[White "IceBox"]
[Black "Ernie1"]
[Result "1/2-1/2"]
[WhiteElo "1712"]
[BlackElo "1606"]
[Opening "QGD semi-Slav"]
[ECO "D43"]
[Time "09:00:47"]
[TimeControl "2700+45"]

1. d4 c6 2. c4 d5 3. Nc3 Nf6 4. Nf3 e6 5. Bg5 Bb4 6. a3 Bxc3+ 7. bxc3 Qa5 8. Qc2
Ne4 9. cxd5 cxd5 10. Bd2 Nc6 11. e3 O-O 12. c4 Nxd2 13. Qxd2 Qxd2+ 14. Nxd2 dxc4
15. Bxc4 Na5 16. Be2 b6 17. Rc1 Bb7 18. O-O Rac8 19. Bf3 Bxf3 20. Nxf3 Nc4 21.
Rc3 Rc6 22. Rfc1 Rfc8 23. a4 Kf8 24. Ng5 h6 25. Nf3 Ke7 26. Ne1 Kd6 27. Nd3 Na5
28. Rxc6+ Rxc6 29. Rxc6+ Nxc6 30. Kf1 e5 31. dxe5+ Nxe5 32. Ke2 Nxd3 33. Kxd3 a6
34. Kc4 Kc6 35. e4 f6 36. f4 Kd6 37. g3 g5 38. h4 gxh4 39. gxh4 h5 40. Kb4 Ke6
41. Kc4 Kd6 42. Kb4 Ke6 {Game drawn by mutual agreement} 1/2-1/2

[Event "Team 45 45 League T35"]
[Site "Internet Chess Club"]
[Date "2007.11.09"]
[Round "4"]
[White "wango"]
[Black "egd01"]
[Result "0-1"]
[WhiteElo "1461"]
[BlackElo "1602"]
[Opening "Sicilian: Canal-Sokolsky (Nimzovich-Rossolimo, Moscow) attack"]
[ECO "B51"]
[Time "16:12:58"]
[TimeControl "2700+45"]

1. e4 c5 2. Nf3 d6 3. Bb5+ Nc6 4. O-O Bd7 5. c3 a6 6. Bxc6 Bxc6 7. Qe2 e5 8. d4
cxd4 9. cxd4 Bb5 10. Qe3 Bxf1 11. Kxf1 Nf6 12. dxe5 dxe5 13. Nc3 Bd6 14. Nd5
Nxd5 15. exd5 O-O 16. Bd2 Rc8 17. Ng5 h6 18. Ne4 f5 19. Nc3 Qf6 20. Na4 b5 21.
Nb6 Bc5 22. Nd7 Qd6 23. Nxc5 f4 24. Qa3 Qxc5 25. Qxc5 Rxc5 26. Bb4 Rxd5 27. Bxf8
Kxf8 28. Ke2 Ke7 29. Rc1 Kd6 30. f3 Rc5 31. Rd1+ Ke6 32. Rd2 h5 33. h4 Kf5 34.
a3 e4 35. fxe4+ Kxe4 36. Kf2 Kf5 37. Kf3 Re5 38. Rd3 Re3+ 39. Rxe3 fxe3 40. Kxe3
Kg4 41. Kf2 Kxh4 42. g3+ Kg4 43. b3 g5 44. a4 bxa4 45. bxa4 Kf5 46. a5 Ke4 47.
Ke2 h4 48. gxh4 gxh4 {White resigns} 0-1

[Event "Team 45 45 League T35"]
[Site "Internet Chess Club"]
[Date "2007.11.11"]
[Round "4"]
[White "Vannak1"]
[Black "Grenadier"]
[Result "0-1"]
[WhiteElo "1744"]
[BlackElo "1781"]
[Opening "Caro-Kann: classical variation"]
[ECO "B18"]
[Time "14:03:09"]
[TimeControl "2700+45"]

1. e4 c6 2. d4 d5 3. Nc3 dxe4 4. Nxe4 Bf5 5. Ng5 Nf6 6. h3 e6 7. g4 Bg6 8. h4 h6
9. N5h3 Qd5 10. Rh2 Bd6 11. c4 Qe4+ 12. Be2 Bxh2 13. Nf3 Nxg4 14. Qb3 b6 15. Qa3
Nd7 16. Nxh2 Nxh2 17. f3 Qxh4+ 18. Nf2 Qxd4 19. Be3 Nxf3+ 20. Bxf3 Qf6 21. Bxc6
Qe7 22. Qa4 Rd8 23. O-O-O O-O 24. Bxd7 Qf6 25. Bd4 Qf5 26. Nd3 Qg5+ 27. Kc2 Qg2+
28. Kc3 Qb7 29. Bc6 Qc7 30. Be5 Rxd3+ 31. Rxd3 Qxe5+ {White resigns} 0-1